Map: Dusk Towers

Players

IntoTheiNu

  • Race: Terran Terran
  • League: Master

ILLBdA - Winner!

  • Race: Protoss Protoss

VOD

Have the link to the VOD?

Description

Time

  • Played on: Dec. 13, 2015, 7:40 a.m.
  • Length: 7:01
Show
View Real Time Build Order
Export as new Build Order

IntoTheiNu Terran 

Build Orders: 1/1/1, Cyclone Opening 

Get SALT Encoding   

  12  0:00  SCV  
  13  0:13  SCV  
  14  0:19  Supply Depot  
  14  0:25  SCV  
  14  0:28  Refinery  
  15  0:41  Barracks  
  15  0:44  SCV  
  16  0:56  SCV  
  17  1:08  SCV  
  18  1:20  SCV  
  19  1:32  Factory  
  19  1:33  Orbital Command  
  19  1:34  Marine  
  19  1:38  Supply Depot  
  20  1:42  Refinery  
  20  2:01  Marine  
  22  2:08  SCV  
  22  2:15  Factory Tech Lab  
  22  2:17  Starport  
  22  2:20  Supply Depot, SCV  
  23  2:24  Marine  
  24  2:32  SCV  
  25  2:44  SCV  
  25  2:51  Cyclone  
  29  2:57  SCV  
  30  3:00  Supply Depot  
  30  3:01  Barracks Reactor  
  30  3:11  SCV  
  31  3:16  Command Center  
  31  3:23  SCV  
  31  3:26  Liberator  
  32  3:28  Liberator  
  32  3:35  SCV  
  39  3:50  SCV  
  39  3:52  Supply Depot  
  41  4:02  SCV  
  41  4:06  Marine  
  42  4:13  Barracks  
  42  4:14  Barracks  
  42  4:15  SCV  
  43  4:21  Stimpack  
  43  4:24  Marine  
  43  4:27  SCV  
  43  4:28  Orbital Command  
  45  4:39  SCV  
  45  4:41  Liberator  
  50  4:51  SCV, Engineering Bay  
  51  4:56  Marine  
  49  5:03  Marine  
  49  5:04  Widow Mine  
  51  5:13  Marine  
  49  5:21  Marine  
  42  5:31  Marine  
  40  5:38  Marine  
  39  5:44  SCV  
  39  5:47  Liberator  
  39  5:49  Marine  
  41  5:56  Marine  
  38  6:07  Marine  
  40  6:14  Marine  
  41  6:20  Supply Depot  
  41  6:22  Supply Depot  
  41  6:25  Marine  
  42  6:32  Marine  
Show
View Real Time Build Order
Export as new Build Order

ILLBdA Protoss - Winner!

Build Orders: 1 Gate Expand 

Get SALT Encoding   

  12  0:01  Probe (Chrono Boost)  
  13  0:11  Probe (Chrono Boost)  
  14  0:17  Pylon  
  14  0:22  Probe (Chrono Boost)  
  15  0:36  Probe (Chrono Boost)  
  15  0:40  Gateway  
  16  0:43  Assimilator  
  16  0:47  Probe (Chrono Boost)  
  17  0:57  Probe (Chrono Boost)  
  18  1:08  Probe (Chrono Boost)  
  19  1:18  Nexus  
  19  1:21  Probe (Chrono Boost)  
  20  1:31  Cybernetics Core  
  20  1:37  Pylon  
  20  1:41  Probe (Chrono Boost)  
  21  1:49  Assimilator  
  21  1:51  Probe (Chrono Boost)  
  22  2:02  Probe (Chrono Boost)  
  22  2:07  Adept (Chrono Boost), Warp Gate  
  25  2:13  Probe (Chrono Boost)  
  26  2:26  Mothership Core (Chrono Boost)  
  28  2:34  Pylon  
  28  2:35  Probe (Chrono Boost)  
  29  2:44  Probe (Chrono Boost)  
  29  2:45  Robotics Facility  
  29  2:49  Probe (Chrono Boost)  
  31  2:55  Probe (Chrono Boost)  
  32  2:59  Probe (Chrono Boost), Adept  
  36  3:05  Probe (Chrono Boost)  
  36  3:10  Probe (Chrono Boost)  
  37  3:14  Gateway  
  37  3:16  Probe (Chrono Boost), Gateway  
  38  3:25  Gateway  
  38  3:28  Sentry  
  40  3:34  Warp Prism (Chrono Boost)  
  40  3:38  Probe x2  
  44  3:49  Pylon  
  44  3:54  Probe  
  45  4:00  Pylon  
  45  4:12  Immortal (Chrono Boost)  
  49  4:19  Adept x2  
  49  4:20  Stalker  
  49  4:22  Sentry  
  57  4:29  Probe  
  58  4:33  Gateway  
  58  4:35  Gateway  
  58  4:53  Adept x4  
  66  5:13  Adept  
  66  5:14  Adept x3  
  51  5:33  Immortal  
  49  5:42  Probe  
  44  5:45  Forge  
  44  5:47  Adept x2  
  48  5:54  Adept  
  48  5:55  Adept x2  
  50  6:00  Stalker  
  47  6:08  Sentry x2  
  51  6:18  Stalker  
  51  6:19  Zealot x2  
  57  6:26  Photon Cannon  
  50  6:44  Adept  
  50  6:52  Stalker  
Tags
 
Add a new tag
Caveats
  • Supply blocks, unpowered buildings, or Contaminate may cause inaccurate times.
  • Supply counts are checked every 10 seconds.